SAA
PHOENIX HOTSPUR YOUTH @ CHESAPEAKE CONTINENTALS
09/04/2027
 
TOP OF THE 1ST
Phoenix Hotspur Youth batting - Pitching for Chesapeake Continentals : RHP Francisco Sandoval
Pitching: RHP Francisco Sandoval
Batting: RHB Pierre Bernard 0-0: Foul Ball, location: 2F
0-1: Ground out U3 (Groundball, 34)
Batting: LHB Kenny Scott 0-0: Called Strike
0-1: Fly out, F7 (Line Drive, 7)
Batting: LHB Roberto Fierro 0-0: Ball
1-0: Ball
2-0: Ball
3-0: Base on Balls
Batting: RHB Takashi Miike 0-0: Swinging Strike
0-1: Ball
Roberto Fierro is caught stealing 2nd base
Top of the 1st over - 0 run(s), 0 hit(s), 0 error(s), 0 left on base; Phoenix Hotspur 0 - Chesapeake 0
BOTTOM OF THE 1ST
Chesapeake Continentals batting - Pitching for Phoenix Hotspur Youth : RHP John Ball
Pitching: RHP John Ball
Batting: RHB Alberto Esquivel 0-0: Ball
1-0: Swinging Strike
1-1: Ball
2-1: Swinging Strike
2-2: Strikes out looking
Batting: RHB Jouo Hirschovits 0-0: Called Strike
0-1: Ball
1-1: Foul Ball, location: 2F
1-2: Foul Ball, location: 2F
1-2: Strikes out swinging
Batting: LHB Miguel Gazivoda 0-0: Ball
1-0: Fly out, F8 (Flyball, 89XD)
Bottom of the 1st over - 0 run(s), 0 hit(s), 0 error(s), 0 left on base; Phoenix Hotspur 0 - Chesapeake 0
TOP OF THE 2ND
Phoenix Hotspur Youth batting - Pitching for Chesapeake Continentals : RHP Francisco Sandoval
Batting: RHB Takashi Miike 0-0: Ball
1-0: Ball
2-0: Ball
3-0: Base on Balls
Batting: RHB David Rivas 0-0: Foul Ball, location: 2F
0-1: SINGLE (Groundball, 6S) (infield hit)
Takashi Miike to second
Batting: LHB Harumi Takaki 0-0: Ball
1-0: Foul Ball, location: 2F
1-1: Ball
2-1: Foul Ball, location: 2F
2-2: Grounds into double play, 4-6-3 (Groundball, 4)
Takashi Miike to third
Batting: RHB Hieronymus Bosch 0-0: Foul Ball, location: 2F
0-1: Ball
1-1: Foul Ball, location: 2F
1-2: Fly out, F7 (Line Drive, 7)
Top of the 2nd over - 0 run(s), 1 hit(s), 0 error(s), 1 left on base; Phoenix Hotspur 0 - Chesapeake 0
BOTTOM OF THE 2ND
Chesapeake Continentals batting - Pitching for Phoenix Hotspur Youth : RHP John Ball
Batting: RHB Juan Chávez 0-0: Foul Ball, location: 2F
0-1: Ball
1-1: Called Strike
1-2: Foul Ball, location: 2F
1-2: Ball
2-2: Foul Ball, location: 2F
2-2: Ball
3-2: Base on Balls
Batting: RHB Júlio Vargas 0-0: Ball
1-0: Called Strike
1-1: Fielders Choice at 2nd, 1-6 (Groundball, 13S)
Batting: RHB Vincent Vega 0-0: Ball
1-0: Ball
2-0: Called Strike
2-1: SINGLE (Line Drive, 34D)
Júlio Vargas to second
Batting: RHB Jorge Alfiche 0-0: Ball
1-0: Foul Ball, location: 2F
1-1: Fly out, F9 (Flyball, 89M)
Batting: LHB Colt Gridley 0-0: Ball
1-0: Fly out, F7 (Flyball, 7)
Bottom of the 2nd over - 0 run(s), 1 hit(s), 0 error(s), 2 left on base; Phoenix Hotspur 0 - Chesapeake 0
TOP OF THE 3RD
Phoenix Hotspur Youth batting - Pitching for Chesapeake Continentals : RHP Francisco Sandoval
Batting: RHB Enrico Sánchez 0-0: Swinging Strike
0-1: Swinging Strike
0-2: Strikes out looking
Batting: RHB Phillip Mendizabal 0-0: Foul Ball, location: 2F
0-1: Ball
1-1: Foul Ball, location: 2F
1-2: SINGLE (Line Drive, 6)
Batting: RHB Pierre Bernard 0-0: Ball
Phillip Mendizabal is caught stealing 2nd base
1-0: Called Strike
1-1: Called Strike
1-2: Ball
2-2: Ball
3-2: Strikes out looking
Top of the 3rd over - 0 run(s), 1 hit(s), 0 error(s), 0 left on base; Phoenix Hotspur 0 - Chesapeake 0
BOTTOM OF THE 3RD
Chesapeake Continentals batting - Pitching for Phoenix Hotspur Youth : RHP John Ball
Batting: RHB Marcos Alfaro 0-0: Called Strike
0-1: Swinging Strike
0-2: Ball
1-2: Ball
2-2: Strikes out swinging
Batting: RHB Alberto Esquivel 0-0: Ball
1-0: SINGLE (Flyball, 8RS)
Batting: RHB Jouo Hirschovits 0-0: Ball
1-0: Fly out, F9 (Flyball, 9S)
Batting: LHB Miguel Gazivoda 0-0: Ball
1-0: Ball
2-0: SINGLE (Groundball, 23) (infield hit)
Alberto Esquivel to second
Batting: RHB Juan Chávez 0-0: Called Strike
0-1: Called Strike
0-2: Ball
1-2: Foul Ball, location: 2F
1-2: Ball
2-2: Fly out, F8 (Flyball, 8LD)
Bottom of the 3rd over - 0 run(s), 2 hit(s), 0 error(s), 2 left on base; Phoenix Hotspur 0 - Chesapeake 0
TOP OF THE 4TH
Phoenix Hotspur Youth batting - Pitching for Chesapeake Continentals : RHP Francisco Sandoval
Batting: LHB Kenny Scott 0-0: SINGLE (Groundball, 56S) (infield hit)
Batting: LHB Roberto Fierro 0-0: Ball
1-0: Foul Ball, location: 2F
1-1: Ball
2-1: Called Strike
2-2: Ball
3-2: Foul Ball, location: 2F
3-2: SINGLE (Flyball, 7LS)
Kenny Scott to second
Kenny Scott to third
Batting: RHB Takashi Miike 0-0: Ball
1-0: Ball
2-0: Called Strike
2-1: Foul Ball, location: 2F
2-2: Foul Ball, location: 2F
2-2: Strikes out swinging
Batting: RHB David Rivas 0-0: Ball
1-0: Called Strike
1-1: Ball
2-1: SINGLE (Groundball, 4MD)
Kenny Scott scores
Roberto Fierro to second
Batting: LHB Harumi Takaki 0-0: Ball
1-0: Swinging Strike
1-1: Ball
Roberto Fierro is caught stealing 3rd base
David Rivas to second
2-1: Ball
3-1: Swinging Strike
3-2: Base on Balls
Batting: RHB Hieronymus Bosch 0-0: Foul Ball, location: 2F
0-1: Foul Ball, location: 2F
0-2: Ball
1-2: Ball
2-2: Fielders Choice at 2nd, 6-4 (Groundball, 6)
Top of the 4th over - 1 run(s), 3 hit(s), 0 error(s), 1 left on base; Phoenix Hotspur 1 - Chesapeake 0
BOTTOM OF THE 4TH
Chesapeake Continentals batting - Pitching for Phoenix Hotspur Youth : RHP John Ball
Batting: RHB Júlio Vargas 0-0: Called Strike
0-1: Called Strike
0-2: Fly out, F5 (Popup, 5L)
Batting: RHB Vincent Vega 0-0: Foul Ball, location: 2F
0-1: Ball
1-1: Foul Ball, location: 2F
1-2: Foul Ball, location: 2F
1-2: Fly out, F8 (Flyball, 8RM)
Batting: RHB Jorge Alfiche 0-0: Foul Ball, location: 2F
0-1: Called Strike
0-2: Strikes out swinging
Bottom of the 4th over - 0 run(s), 0 hit(s), 0 error(s), 0 left on base; Phoenix Hotspur 1 - Chesapeake 0
TOP OF THE 5TH
Phoenix Hotspur Youth batting - Pitching for Chesapeake Continentals : RHP Francisco Sandoval
Batting: RHB Enrico Sánchez 0-0: Called Strike
0-1: Ball
1-1: Swinging Strike
1-2: SINGLE (Flyball, 7LM)
Batting: RHB Phillip Mendizabal 0-0: Called Strike
0-1: Foul Ball, location: 2F
0-2: Foul Ball, location: 2F
0-2: Ball
1-2: Foul Ball, location: 2F
1-2: Fly out, F8 (Line Drive, 8LM)
Batting: RHB Pierre Bernard 0-0: Fly out, F4 (Popup, 4MD)
Batting: LHB Kenny Scott 0-0: Ball
1-0: Ball
2-0: Foul Ball, location: 2F
2-1: SINGLE (Line Drive, 9LS)
Enrico Sánchez to second
Runner from 2nd tries for 3rd, SAFE, no throw
Batting: LHB Roberto Fierro 0-0: Swinging Strike
0-1: Foul Ball, location: 2F
0-2: Ball
1-2: Strikes out swinging
Top of the 5th over - 0 run(s), 2 hit(s), 0 error(s), 2 left on base; Phoenix Hotspur 1 - Chesapeake 0
BOTTOM OF THE 5TH
Chesapeake Continentals batting - Pitching for Phoenix Hotspur Youth : RHP John Ball
Batting: LHB Colt Gridley 0-0: Ball
1-0: Ball
2-0: Foul Ball, location: 2F
2-1: Ball
3-1: Base on Balls
Batting: RHB Marcos Alfaro 0-0: Bunted foul
0-1: Bunted foul
0-2: Ball
1-2: SINGLE (Line Drive, 89M)
Colt Gridley to second
Batting: RHB Alberto Esquivel 0-0: Ball
1-0: Ball
2-0: Sac Bunt - play at first, batter OUT! 1-4
Colt Gridley to third
Marcos Alfaro to second
Batting: RHB Jouo Hirschovits 0-0: Ball
1-0: Ball
2-0: Called Strike
2-1: Foul Ball, location: 2F
2-2: Ball
3-2: Strikes out swinging
Batting: LHB Miguel Gazivoda 0-0: SINGLE (Groundball, 4MD)
Colt Gridley scores
Marcos Alfaro to third
Runner from 3rd tries for Home, SAFE, no throw
Batting: RHB Juan Chávez 0-0: Ball
1-0: Fly out, F8 (Line Drive, 89M)
Bottom of the 5th over - 2 run(s), 2 hit(s), 0 error(s), 1 left on base; Phoenix Hotspur 1 - Chesapeake 2
TOP OF THE 6TH
Phoenix Hotspur Youth batting - Pitching for Chesapeake Continentals : RHP Francisco Sandoval
Batting: RHB Takashi Miike 0-0: Ball
1-0: Foul Ball, location: 2F
1-1: Called Strike
1-2: Strikes out swinging
Batting: RHB David Rivas 0-0: Foul Ball, location: 2F
0-1: SINGLE (Line Drive, 6MD)
Batting: LHB Harumi Takaki 0-0: Called Strike
0-1: Ball
1-1: Ball
2-1: Ground out 3-1 (Groundball, 34S)
David Rivas to second
Batting: RHB Hieronymus Bosch 0-0: Ball
1-0: Foul Ball, location: 2F
1-1: Foul Ball, location: 2F
1-2: Foul Ball, location: 2F
1-2: Ball
2-2: Ball
3-2: Base on Balls
Pitching: RHP Jesús Colón
Batting: RHB Enrico Sánchez 0-0: Reached on error, E5 (Groundball, 56)
David Rivas to third
Hieronymus Bosch to second
Batting: RHB Phillip Mendizabal 0-0: Ball
1-0: Ball
2-0: Fly out, F9 (Flyball, 9LSF)
Top of the 6th over - 0 run(s), 1 hit(s), 1 error(s), 3 left on base; Phoenix Hotspur 1 - Chesapeake 2
BOTTOM OF THE 6TH
Chesapeake Continentals batting - Pitching for Phoenix Hotspur Youth : RHP John Ball
Batting: RHB Júlio Vargas 0-0: Ball
1-0: Foul Ball, location: 2F
1-1: Foul Ball, location: 2F
1-2: Strikes out looking
Batting: RHB Vincent Vega 0-0: Ball
1-0: Foul Ball, location: 2F
1-1: Ball
2-1: Ball
3-1: Foul Ball, location: 2F
3-2: Fly out, F8 (Flyball, 89M)
Batting: RHB Jorge Alfiche 0-0: Ball
1-0: Ball
2-0: Ball
3-0: Called Strike
3-1: Base on Balls
Batting: LHB Colt Gridley 0-0: Ball
Jorge Alfiche is caught stealing 2nd base
Bottom of the 6th over - 0 run(s), 0 hit(s), 0 error(s), 0 left on base; Phoenix Hotspur 1 - Chesapeake 2
TOP OF THE 7TH
Phoenix Hotspur Youth batting - Pitching for Chesapeake Continentals : RHP Jesús Colón
Batting: RHB Pierre Bernard 0-0: Foul Ball, location: 2F
0-1: Called Strike
0-2: Strikes out swinging
Batting: LHB Kenny Scott 0-0: Called Strike
0-1: Ground out 4-3 (Groundball, 4)
Batting: LHB Roberto Fierro 0-0: Ball
1-0: Fly out, F8 (Flyball, 8LS)
Top of the 7th over - 0 run(s), 0 hit(s), 0 error(s), 0 left on base; Phoenix Hotspur 1 - Chesapeake 2
BOTTOM OF THE 7TH
Chesapeake Continentals batting - Pitching for Phoenix Hotspur Youth : RHP John Ball
Batting: LHB Colt Gridley 0-0: Swinging Strike
0-1: Foul Ball, location: 2F
0-2: Ball
1-2: Ball
2-2: Foul Ball, location: 2F
2-2: Ground out 4-3 (Groundball, 4)
Batting: RHB Marcos Alfaro 0-0: Foul Ball, location: 2F
0-1: Fly out, F5 (Line Drive, 56)
Batting: RHB Alberto Esquivel 0-0: Ball
1-0: Swinging Strike
1-1: Swinging Strike
1-2: Ball
2-2: Strikes out looking
Bottom of the 7th over - 0 run(s), 0 hit(s), 0 error(s), 0 left on base; Phoenix Hotspur 1 - Chesapeake 2
TOP OF THE 8TH
Phoenix Hotspur Youth batting - Pitching for Chesapeake Continentals : RHP Jesús Colón
Pitching: RHP Christian Mustard
Batting: RHB Takashi Miike 0-0: Ball
1-0: Ball
2-0: Ball
3-0: Called Strike
3-1: Called Strike
3-2: SINGLE (Flyball, 7LS)
Batting: RHB David Rivas 0-0: Ball
1-0: Ball
2-0: Called Strike
2-1: Called Strike
2-2: Strikes out swinging
Batting: LHB Harumi Takaki 0-0: Ball
1-0: Fly out, F8 (Flyball, 8RM)
Batting: RHB Hieronymus Bosch 0-0: Ground out 5-3 (Groundball, 5S)
Top of the 8th over - 0 run(s), 1 hit(s), 0 error(s), 1 left on base; Phoenix Hotspur 1 - Chesapeake 2
BOTTOM OF THE 8TH
Chesapeake Continentals batting - Pitching for Phoenix Hotspur Youth : RHP John Ball
Pitching: LHP Raúl Gonzáles
Batting: RHB Jouo Hirschovits 0-0: Ball
1-0: Called Strike
1-1: Swinging Strike
1-2: Ground out 5-3 (Groundball, 5S)
Batting: LHB Miguel Gazivoda 0-0: Fly out, F4 (Line Drive, 4)
Batting: RHB Juan Chávez 0-0: Ball
1-0: Ball
2-0: Foul Ball, location: 2F
2-1: Called Strike
2-2: Foul Ball, location: 2F
2-2: Foul Ball, location: 2F
2-2: Foul Ball, location: 2F
2-2: Strikes out swinging
Bottom of the 8th over - 0 run(s), 0 hit(s), 0 error(s), 0 left on base; Phoenix Hotspur 1 - Chesapeake 2
TOP OF THE 9TH
Phoenix Hotspur Youth batting - Pitching for Chesapeake Continentals : RHP Christian Mustard
Pitching: RHP Anthony Ledesma
Now in CF: César Gonzáles
Now in RF: Eduardo Torres
Pinch Hitting: LHB António Escalante 0-0: Ball
1-0: Ball
2-0: Called Strike
2-1: Ball
3-1: Foul Ball, location: 2F
3-2: Base on Balls
Batting: RHB Phillip Mendizabal 0-0: Sac Bunt - play at first, batter OUT! 1-3
António Escalante to second
Batting: RHB Pierre Bernard 0-0: Foul Ball, location: 2F
0-1: Foul Ball, location: 2F
0-2: Strikes out swinging
Batting: LHB Kenny Scott 0-0: Called Strike
0-1: Swinging Strike
0-2: Strikes out swinging
Top of the 9th over - 0 run(s), 0 hit(s), 0 error(s), 1 left on base; Phoenix Hotspur 1 - Chesapeake 2
Saturday, May 26th, 2018 - OOTP Baseball 17.12 Build 75